[Event "Bangabandhu Premier Div League 2022"]
[Site "Dhaka"]
[Date "2022.12.06"]
[Round "7.7"]
[White "Rahman, Syed Mahfuzur"]
[Black "Sankalan Shah"]
[Result "1-0"]
[ECO "E63"]
[WhiteElo "2130"]
[BlackElo "2218"]
[Annotator "TA"]
[PlyCount "175"]
[EventDate "2022.12.01"]
[EventCountry "BAN"]
[SourceTitle "playchess.com"]
[Source "ChessBase"]
[SourceQuality "1"]
[TimeControl "40/5400+30:1800+30"]

1. d4 Nf6 2. c4 g6 3. Nf3 Bg7 4. g3 O-O 5. Bg2 d6 6. O-O Nc6 7. Nc3 a6 8. h3 Rb8 9. Bg5 b5 10. cxb5 axb5 11. Rc1 Bd7 {[%emt 0:00:00] E63: King's Indian: Fianchetto: Panno Variation with 7...a6.} (11... b4 $5 12. Bxf6 exf6 $11) 12. d5 Na5 13. b4 Nc4 14. Nd2 h6 15. Bxf6 Bxf6 16. Nce4 {[%emt 0:00:00] [#]} Bg7 $146 ({Predecessor:} 16... Nxd2 17. Nxf6+ exf6 18. Qxd2 Kg7 19. Rc3 Rb7 20. Rfc1 Ra7 21. R1c2 Re8 22. Qc1 Bf5 {½-½ (30) Horvath,M (2283)-Pinter,E (2364) Slovakia 2003}) 17. Nxc4 bxc4 18. Rxc4 Bb5 {[%emt 0:00:00] This pair of bishops is nice.} (18... e6 $5 19. Nc3 exd5 20. Bxd5 Bxh3 $11) 19. Rc1 Ra8 {[%emt 0:02:00] Inhibits a4.} 20. Qc2 (20. Nc3 $1 $14 Bxc3 21. Rxc3) 20... Ra7 21. Nc3 Bd7 22. a4 Qb8 23. b5 Bxc3 {[%emt 0:00:00][%mdl 64] Remove Defender} 24. Qxc3 Rxa4 25. Qxc7 Ra7 26. Qc3 Bxb5 27. Rb1 Rb7 28. Qe3 Kh7 29. Rb4 {[%emt 0:00:30] And now Rfb1 would win.} Ba6 {[%emt 0:00:30] [#]} (29... Kg7 $14) 30. Ra4 (30. Rh4 $1 $18 {and the rest is easy.} h5 31. Be4) 30... Rb3 $16 31. Qxe7 Rb7 32. Qe3 {White is much more active.} Rb3 33. Qe4 Bb5 {[%emt 0:00:19] [#]} 34. Ra2 Re8 35. Qf4 Kg7 36. Qd4+ Kh7 (36... Kg8 $16 {was called for.}) 37. Ra7 (37. Be4 $18) 37... Kg8 38. Rfa1 {[%emt 0:01:30] Black must now prevent Be4.} Bxe2 39. Be4 {[%emt 0:00:00] Prevents Rb1+.} (39. Qf6 $16 Rf8 40. Rd7) 39... Qb6 $2 (39... Rb7 $11) 40. Qxb6 $2 ({White has to play} 40. Qf6 $18 Rxg3+ 41. Bg2 Rxg2+ 42. Kxg2 Bf3+ 43. Qxf3) 40... Rxb6 $11 41. Bg2 Bd3 42. Rd7 Bf5 43. Rc7 g5 44. g4 Bg6 45. Rc6 Reb8 46. Re1 Kf8 47. Kh2 h5 48. gxh5 Bxh5 49. Be4 Kg7 50. h4 gxh4 51. Kh3 Bg6 52. Bxg6 Kxg6 53. Kxh4 {[%emt 0:01:00][%mdl 4096] Endgame KRR-KRR} Kf5 54. Rc7 Rb4+ 55. Kh3 Rh8+ 56. Kg3 Rg4+ 57. Kf3 Rf4+ 58. Kg2 Rg4+ 59. Kf3 Rh3+ 60. Ke2 Re4+ 61. Kd2 Rxe1 ({Black should play} 61... Rd4+ $15 62. Kc2 f6) 62. Kxe1 $15 {[%emt 0:00:00] KR-KR} f6 63. Ke2 {[%emt 0:00:00] Prevents Rd3.} Ke5 64. Rf7 Rh6 65. Ke3 Kxd5 66. Rf8 Ke6 67. Re8+ Kf7 68. Rd8 Ke7 69. Ra8 Rh5 70. f3 Rb5 71. Ke4 Rb4+ 72. Kf5 Rb5+ 73. Ke4 Rb1 74. Kf5 Rb5+ 75. Ke4 Re5+ 76. Kd4 f5 77. Rh8 {[%emt 0:00:30] The position is equal.} Ke6 78. Rh6+ Kd7 79. Rh8 Ra5 80. Rh7+ Kc6 (80... Ke6 $5 ) 81. Rf7 $1 Re5 82. Kd3 Kc5 83. Rf8 Kc6 84. Rf7 Kc5 85. Rf8 Kc6 86. Rf7 Ra5 87. Kd4 Ra4+ 88. Ke3 {[%emt 0:01:35][%mdl 32768] Weighted Error Value: White=0.24 (precise) /Black=0.10 (very precise) . Sensor Board Error (Ke4/e5)?} 1-0

[Event "Bangabandhu Premier Div League 2022"]
[Site "Dhaka"]
[Date "2022.12.06"]
[Round "7.8"]
[White "Mehdi Hasan Parag"]
[Black "Chatterjee, Debaraj"]
[Result "1/2-1/2"]
[ECO "B81"]
[WhiteElo "2185"]
[BlackElo "2196"]
[Annotator "TA"]
[PlyCount "118"]
[EventDate "2022.11.30"]
[EventType "team-tourn"]
[EventCountry "BAN"]
[SourceTitle "playchess.com"]
[Source "ChessBase"]
[SourceQuality "1"]
[TimeControl "40/5400+30:1800+30"]

1. e4 c5 2. Nf3 d6 3. d4 cxd4 4. Nxd4 Nf6 5. Nc3 a6 6. h3 e6 7. g4 Be7 {[%emt 0:00:20] B81: Sicilian Scheveningen: Keres Attack.} 8. g5 Nfd7 9. Be3 b5 {[%emt 0:00:13] White has an edge.} (9... Bxg5 10. Nxe6 $1 fxe6 11. Qh5+ (11. Qxd6 $2 Qe7 $19) 11... g6 12. Qxg5 $16) 10. a3 Bb7 (10... Bxg5 11. Nxe6 $1 fxe6 12. Qh5+ (12. Qxd6 $2 Qe7 $19) 12... g6 13. Qxg5 $16) 11. h4 Nc6 12. Rg1 {[%emt 0:00:36] 12.Nxc6 is setting a new trend.} Rc8 13. Nxc6 Bxc6 14. Qd4 O-O $1 15. h5 {[%emt 0:01:44] [#]} Rb8 $146 ({Predecessor:} 15... Ne5) 16. Be2 g6 (16... Qb6 $14) 17. O-O-O $16 {[%emt 0:01:36] White has more active pieces.} (17. h6 $6 e5 18. Qd2 f6 $11) 17... e5 {[%emt 0:02:27] Against f4} 18. Qd2 b4 19. axb4 Rxb4 20. hxg6 (20. Bxa6 Qa5 21. Qd3 Ra8 $17) 20... hxg6 21. f3 $2 (21. Bxa6 Qa5 22. Qd3 Ra8 $17) (21. Nd5 $16 Ra4 22. b3 (22. Nxe7+ Qxe7 23. Kb1 Qe6 $16) 22... Bxd5 23. Qxd5 (23. bxa4 Bxe4 24. f3 Bb7 $16)) 21... Qa5 $40 {[%emt 0:15:32][%mdl 128] ( -> ...Qa1+). Black mounts an attack.} 22. Nb1 Rfb8 $1 23. b3 {[%emt 0:03:30] Prevents d5.} Nc5 (23... Qa1 24. Qc3 Qxc3 25. Nxc3 $14) 24. Bxc5 (24. Qc3 $6 Nxb3+ 25. cxb3 Qa2 $11) 24... Qxc5 (24... dxc5 25. Bc4 $16 (25. Qc3 Qc7 $11)) 25. Qc3 Qb6 26. Na3 {[%emt 0:07:27] Inhibits d5.} Rd4 27. Nc4 {[%emt 0:07:24] Inhibits d5.} (27. Rxd4 $2 exd4 28. Qe1 d5 $19) 27... Qc5 ({Worse is} 27... Rxd1+ 28. Rxd1 Qf2 29. Qe1 (29. Qd2 Bb5 $15) 29... Bxg5+ 30. Kb2 Qxe1 31. Rxe1 $11) 28. Rxd4 (28. Kb1 $17) 28... exd4 $19 29. Qa5 {[%emt 0:06:14] [#]} (29. Qe1 $17) 29... Bb5 (29... Rb5 $1 $19 {[%cal Rb5a5] and Black stays clearly on top.} 30. Qe1 a5) 30. Bd3 $17 Bxg5+ 31. Kb2 Bf6 ({Don't do} 31... Bxc4 32. Qxc5 dxc5 33. Bxc4 $14) (31... Kg7 {feels hotter.} 32. Rh1 Bd8 33. Qa3 Bc7) 32. Qa3 Kg7 ({Of course not} 32... Bxc4 $6 33. Qxc5 dxc5 34. Bxc4 $11) (32... Qxa3+ $17 33. Kxa3 Kg7) 33. Qxc5 $15 dxc5 34. e5 Be7 35. f4 Kh6 36. Kc1 Rh8 37. Kd2 Rd8 38. Ke2 Rb8 39. Nd2 Rc8 40. Bc4 (40. Ra1 {simplifies} Kg7 41. Bxb5 axb5 42. Ra7) 40... f5 41. Kd3 Kg7 (41... Bc6 {simplifies} 42. Ke2 a5 43. Bd3 a4) 42. Rh1 {[%emt 0:00:00] [#]} (42. Bxb5 $11 axb5 43. Ra1) 42... Rh8 (42... Bc6 $1 $17 43. Ra1 Bb7) 43. Rxh8 $11 {[%emt 0:00:00] The position is equal.} Kxh8 44. Bxb5 axb5 {[%emt 0:00:04][%mdl 4096] Endgame KB-KN} 45. Nf3 Kg7 {[%emt 0:13:05] Against b4} 46. b4 {[%emt 0:00:00] aiming for bxc5.} c4+ 47. Kxd4 Bxb4 48. Kd5 {[%emt 0:00:00] Black must now prevent Kc6.} Ba3 49. Nd4 Kf7 $1 50. Kc6 b4 51. Kd7 b3 52. cxb3 cxb3 53. Nxb3 g5 54. fxg5 {[%emt 0:00:31] White threatens Nd4 and mate.} Kg6 55. Nd4 {[%emt 0:03:59] Intending Nf3 and mate.} Kxg5 56. Nb5 Bb4 57. Nd6 f4 58. e6 {[%emt 0:00:00] Threatening mate with e7.} Bxd6 59. Kxd6 {[%emt 0:00:00] e7 would kill now.} f3 $1 {[%emt 0:00:00] What a bad dream for Black.   Weighted Error Value: White=0.17 (very precise) /Black=0.15 (very precise)} 1/2-1/2

[Event "Bangabandhu Premier Div League 2022"]
[Site "Dhaka"]
[Date "2022.12.06"]
[Round "7.8"]
[White "Jamal Uddin"]
[Black "Mohammad Nubairshah Shaikh"]
[Result "0-1"]
[ECO "E67"]
[WhiteElo "2092"]
[BlackElo "2439"]
[Annotator "TA"]
[PlyCount "122"]
[EventDate "2022.12.01"]
[EventCountry "BAN"]
[SourceTitle "playchess.com"]
[Source "ChessBase"]
[SourceQuality "1"]
[TimeControl "40/5400+30:1800+30"]

1. Nf3 d6 2. d4 g6 3. c4 Bg7 4. g3 e5 5. Nc3 Nd7 6. Bg2 Ngf6 7. O-O O-O 8. e3 c6 9. dxe5 {[%emt 0:04:05] E67: King's Indian: Fianchetto: 6...Nbd7.} dxe5 10. b3 Qe7 11. Qc2 {[%emt 0:01:16] The position is equal.} Re8 12. a4 {[%emt 0:02:11] [#]} Nc5 $146 ({Predecessor:} 12... a5 13. Ba3 Nc5 14. Nd2 Nfd7 15. Nce4 f5 16. Nxc5 Nxc5 17. b4 Ne6 18. bxa5 Qc7 {1-0 (51) Mehl,R (2017)-Ruesch,H (1990) Mecklenburg VP 2011}) 13. Ba3 Bf5 14. Qa2 a5 15. Rad1 Bf8 16. h3 Rad8 17. Kh2 ({Better is} 17. Rxd8 $15 Rxd8 18. Nd2) 17... Bd3 $17 18. Rfe1 Qc7 19. Bf1 (19. e4 $142) 19... Bf5 (19... e4 $142 20. Nd4 b6) 20. Nh4 Bc8 {[%emt 0:00:30] Black is more active.} 21. Rxd8 Rxd8 22. Rd1 (22. Nf3 $17 {is a better defense.}) 22... Rxd1 $19 23. Nxd1 Qb6 24. Bxc5 Bxc5 25. Qc2 Bb4 26. Bd3 Nd7 27. f4 (27. Nc3 $17) 27... Be7 28. f5 (28. Nf3 $17) 28... Bxh4 29. gxh4 Qd8 (29... Nc5 30. fxg6 hxg6 31. Bxg6 $17) (29... Qc7 $142 {...e4+ is the strong threat.} 30. Kh1 Qd6) 30. fxg6 $17 hxg6 ({Worse is} 30... fxg6 31. h5) 31. Qf2 ({Not} 31. Bxg6 $2 fxg6 32. Qxg6+ Kf8 33. Qh6+ Kf7 34. Qh7+ Ke6 $19) (31. h5 $17 {was called for.}) 31... Kg7 (31... Nc5 $19 32. Bc2 e4) 32. Bc2 (32. Qg3 $142) 32... Nf6 33. Nc3 Qd7 34. Qg2 Qe7 35. Ne2 Qc5 36. Qf2 Qa3 37. Ng3 Qb2 {[%emt 0:00:00][%cal Oc8g4] Against h5} 38. Qg2 {[%emt 0:00:12] [#]} Kf8 $1 39. Qd2 Be6 {[%emt 0:03:30] Against h5} (39... Ke7 $142 40. Nf1 e4) 40. Qf2 (40. h5 $17 {was worth a try.}) 40... Ke7 $19 41. Qd2 {[%emt 0:30:17] [#]} Ke8 (41... b5 $1 $19 {[%cal Rb5a4] is more deadly.} 42. axb5 cxb5) 42. Qd1 (42. Nf1 $17) 42... b5 $1 43. axb5 cxb5 44. Qe2 bxc4 45. bxc4 {[%emt 0:00:00] And now Ba4+ would win.} Qb4 {[%emt 0:00:00] Against Ba4+} 46. Bd3 (46. h5 $142 Nxh5 47. Ne4) 46... a4 {[%emt 0:02:30][%cal Ba5a4,Ba4a3,Ba3b2][%mdl 32] Black is clearly winning.} 47. Qc2 a3 48. h5 gxh5 {[%emt 0:00:00][%cal Oe5e4] Strongly threatening ...e4!} 49. Nf5 Bxf5 50. Bxf5 Qb2 51. Qxb2 axb2 {[%emt 0:00:00][%mdl 4096] Endgame KB-KN} 52. Bb1 Nd7 53. Kg3 Nb6 54. c5 Nc4 55. Kh4 Nxe3 56. Kxh5 f5 57. Kg5 f4 58. Kh4 Kd7 59. Be4 Kc7 60. Bb1 Kc6 61. Be4+ Kxc5 {[%emt 0:00:00] Weighted Error Value: White=0.40/Black=0.13 (very precise)} 0-1

[Event "Bangabandhu Premier Div League 2022"]
[Site "Dhaka"]
[Date "2022.12.06"]
[Round "7.9"]
[White "Mendonca, Leon Luke"]
[Black "Hossain, Enamul"]
[Result "1-0"]
[ECO "A75"]
[WhiteElo "2565"]
[BlackElo "2392"]
[Annotator "TA"]
[PlyCount "113"]
[EventDate "2022.11.30"]
[EventType "team-tourn"]
[EventCountry "BAN"]
[SourceTitle "playchess.com"]
[Source "ChessBase"]
[SourceQuality "1"]
[TimeControl "40/5400+30:1800+30"]

1. c4 c5 2. Nf3 g6 3. d4 Nf6 4. d5 Bg7 5. Nc3 d6 6. e4 e6 7. Be2 O-O 8. O-O exd5 9. cxd5 a6 10. a4 Bg4 11. Bf4 Bxf3 12. Bxf3 Ne8 13. Qd2 Nd7 14. Rfe1 {[%emt 0:08:48] A75: Modern Benoni: Classical: 9...a6 10 a4 Bg4.} Rb8 15. Be2 {[%emt 0:10:21] [#]} Qc7 $146 ({Predecessor:} 15... Qe7 16. Bf1 Nc7 17. a5 Ne5 18. Bh6 b5 19. Bxg7 Kxg7 20. f4 Nc4 21. Qc2 Qf6 {0-1 (52) Van Hoolandt,P (2171)-Nass,E (2248) St Chely d'Aubrac 2010}) 16. Bg5 {[%emt 0:04:26] White is more active. White is slightly better.} Bf6 {[%emt 0:02:48] Inhibits Be7.} 17. Be3 Bg7 18. h3 Nef6 19. Qc2 Rfe8 20. a5 Re7 21. Bf1 Rbe8 22. f3 Nh5 23. g4 {[%emt 0:04:50] Against f5} Nhf6 24. Kg2 c4 25. Ra4 Ne5 26. Nd1 Rc8 27. Nf2 Nfd7 28. Rc1 (28. f4 $16) 28... Nc5 $14 29. Bxc5 dxc5 ({Better is} 29... Qxc5 $14 30. f4 (30. Bxc4 $2 Qe3 $19) 30... Qe3 $1 31. fxe5 Bxe5) 30. f4 $1 $36 {[%emt 0:00:08][%mdl 2048] White has strong initiative.} (30. Bxc4 $6 g5 $14) 30... Nd7 31. e5 (31. Qxc4 Qxf4 32. Nd3 Qd2+ 33. Kh1 Bd4 $17) (31. Qd2 $18) 31... b5 $16 32. axb6 Nxb6 33. Bxc4 {[%emt 0:00:55] Black must now prevent d6.} (33. Rxa6 $2 Nxd5 34. Qe4 Nxf4+ $1 35. Qxf4 Qb7+ 36. Qf3 Qxa6 $19) 33... Nxa4 34. Qxa4 Bxe5 35. fxe5 Qxe5 36. Rc3 (36. Qxa6 $18 Rd8 37. Qa5) 36... Rb8 37. Qc2 $1 (37. Qxa6 Rxb2 38. Rf3 Rd2 $11) 37... Rb6 38. b3 Rf6 39. Rd3 (39. Rg3 $16) 39... Qe1 (39... a5 $1 $11) 40. Rf3 Rxf3 41. Kxf3 {[%emt 0:30:03] Dancing on a razor blade.} Qe3+ 42. Kg2 {[%emt 0:00:00] And now d6 would win.} Qf4 {[%emt 0:00:15] Against d6} 43. Qd1 $1 ({Of course not} 43. Bxa6 Re3 $11) (43. Nd3 $6 Qe4+ 44. Kg1 (44. Kh2 Qf3 $15) 44... Qd4+ 45. Kg2 Qe4+ 46. Kg1 (46. Kh2 Qf3 $11) 46... Qd4+ 47. Kg2 Qe4+ $11) 43... a5 ({Less strong is} 43... Re3 44. d6 Qg3+ 45. Kf1 $18) (43... Kf8 $1 $14) 44. Qf3 $18 Qe5 45. Qg3 Qxg3+ 46. Kxg3 {[%emt 0:00:00] aiming for d6.} Ra7 47. Bb5 {[%emt 0:00:57] Against a4} (47. Nd1 $16) 47... Rb7 $11 48. Ba4 (48. Bc4 $11 Kf8 49. Nd3) 48... Rb4 $2 (48... c4 $1 $17 {[%cal Rc4b3] keeps the pressure on.} 49. bxc4 Rb4) 49. d6 $1 $18 Rd4 50. d7 f5 {[%emt 0:00:06] Inhibits Ne4.} (50... c4) 51. gxf5 gxf5 {[%emt 0:00:06] [#]} 52. Bb5 $1 {[%emt 0:00:42] Nd3 is the strong threat.} c4 {[%emt 0:10:01] Prevents Nd3.} 53. bxc4 ({Not} 53. Bxc4+ Kf8 $16) 53... Kf8 54. c5 Ke7 55. c6 Kd8 {[%emt 0:00:11] [#]} 56. Nd3 $1 {[%emt 0:00:17] White threatens Nc5 and mate.} a4 57. Nc5 {[%emt 0:00:31] Weighted Error Value: White=0.25 (precise) /Black=0.52} 1-0

[Event "Bangabandhu Premier Div League 2022"]
[Site "Dhaka"]
[Date "2022.12.06"]
[Round "7.10"]
[White "Mohammad Fahad, Rahman"]
[Black "Iniyan, P."]
[Result "0-1"]
[ECO "D37"]
[WhiteElo "2380"]
[BlackElo "2534"]
[Annotator "TA"]
[PlyCount "120"]
[EventDate "2022.11.30"]
[EventType "team-tourn"]
[EventCountry "BAN"]
[SourceTitle "playchess.com"]
[Source "ChessBase"]
[SourceQuality "1"]
[TimeControl "40/5400+30:1800+30"]

1. d4 Nf6 2. c4 e6 3. Nf3 d5 4. Nc3 a6 5. cxd5 exd5 6. Bg5 {[%emt 0:00:05] D37: Queen's Gambit Declined: 5 Bf4.} Be6 7. Qb3 Nbd7 8. e3 {[%emt 0:00:09] The position is equal.} Rb8 9. Bd3 Bd6 (9... c5 $5 10. Qc2 Be7 $14) 10. Qc2 c6 {[%emt 0:03:10] [#]} 11. h3 $146 ({Predecessor:} 11. Rb1 Qc7 12. b4 O-O 13. Bh4 Bg4 14. Ng5 h6 15. Nh7 Nxh7 16. Bxh7+ Kh8 17. Bd3 {0-1 (36) Mamedyarov,S (2759)-Van Foreest,J (2678) Zagreb 2022}) 11... Qc7 12. Ne2 Rc8 13. O-O Nh5 {[%emt 0:02:53] Prevents Nf4.} 14. Qd2 (14. Bxh7 g6 15. Bxg6 fxg6 16. Qxg6+ Bf7 $15) (14. Rae1 $5 ) 14... f6 15. g4 Bf7 16. Bf4 ({White should try} 16. Bh4 $11 g5 17. gxh5 Bxh5 18. Kg2 (18. Nxg5 fxg5 19. Bxg5 Bf3 $15) 18... Bxf3+ 19. Kxf3 gxh4 20. Rg1) 16... Nxf4 $15 17. exf4 O-O 18. Nh4 Rfe8 19. Nf5 Bf8 20. Rac1 Qb6 21. Bb1 c5 22. b3 (22. Rfd1 $11 {keeps the balance.}) 22... c4 $17 23. Ne3 g6 {[%emt 0:00:30] Black is more active.} (23... cxb3 $6 24. Qd3 g6 25. Rxc8 Rxc8 26. Qxb3 $11) (23... Qc7 $17) 24. bxc4 (24. h4 $15 {was preferrable.}) 24... dxc4 {[%emt 0:00:30] White is now going downhill.} 25. a4 (25. f5 $17) 25... Bb4 $19 26. Qc2 Qa5 27. d5 Nb6 $36 {[%emt 0:03:45][%mdl 2048] Black is in control.} (27... Bxd5 28. Rfd1 Nb6 29. Nxd5 Nxd5 30. f5 $17) 28. Rfd1 {[%emt 0:09:31] Prevents Bd2.} (28. Nc3 $142) 28... Qxa4 (28... Nxa4 29. Nxc4 Rxc4 30. Qxc4 $17) (28... Bxd5 29. Nxd5 Nxd5 30. f5 $17) 29. Ba2 $2 (29. d6 Rcd8 30. Qb2) 29... Qxc2 (29... Qa3 $142 30. d6 Bxd6) 30. Rxc2 Bc5 31. Nxc4 Nxd5 (31... Bxd5 32. Nxb6 Bxa2 33. Nxc8 $18) 32. Rxd5 Bxd5 {[%emt 0:01:00] This pair of bishops is nice.} 33. Nd6 {[%emt 0:00:06] Against b5} Bxa2 34. Nxc8 Be6 35. Rxc5 {[%emt 0:00:27] [#] Strongly threatening Nd6.} Rxc8 {[%emt 0:00:07][%mdl 4096] Endgame KRB-KRN} (35... Bxc8 36. Nc3) 36. Ra5 Rc4 37. f5 gxf5 38. gxf5 Bd7 39. Rd5 Rc7 40. Nd4 Kf7 {[%emt 0:00:37] Prevents Ne6.} 41. Rd6 (41. Kf1 {might work better.}) 41... Ke7 42. Rb6 Bc8 43. Kh2 Rc4 44. Nb3 Rf4 (44... Bxf5 45. Rxb7+ Bd7 46. Ra7 $17) 45. Nc5 Rxf2+ ({Weaker is} 45... Bxf5 46. Kg3 Rd4 47. Rxb7+ Kd6 48. Nxa6 $15) 46. Kg3 Rxf5 47. Nxb7 (47. Ne4 $142) 47... Rd5 48. Kf4 a5 49. Ke4 Bxb7 50. Rxb7+ {[%emt 0:00:00] KR-KR} Rd7 51. Rb6 Ra7 {[%emt 0:00:00] [#] aiming for ...a4.} 52. Kf5 a4 {[%emt 0:00:00] Black mates.} 53. Re6+ Kf7 54. Rxf6+ Kg7 55. Re6 a3 56. Re1 a2 57. Ra1 Kh6 58. h4 Kh5 59. Kf4 Ra4+ ({But not} 59... Kxh4 60. Rh1#) 60. Kg3 h6 {[%emt 0:00:00] Weighted Error Value: White=0.60/Black=0.15 (very precise)} ({Inferior is} 60... Rxh4 61. Rxa2 Rg4+ 62. Kf3 $11) 0-1

[Event "Bangabandhu Premier Div League 2022"]
[Site "Dhaka"]
[Date "2022.12.06"]
[Round "7.11"]
[White "Reefat, Bin-Sattar"]
[Black "Narayanan.S.L"]
[Result "0-1"]
[ECO "B20"]
[WhiteElo "2367"]
[BlackElo "2673"]
[Annotator "TA"]
[PlyCount "80"]
[EventDate "2022.11.30"]
[EventType "team-tourn"]
[EventCountry "BAN"]
[SourceTitle "playchess.com"]
[Source "ChessBase"]
[SourceQuality "1"]
[TimeControl "40/5400+30:1800+30"]

1. e4 c5 2. b3 d6 3. Bb2 Nf6 4. Bb5+ Nc6 5. Qe2 e5 6. f4 {[%emt 0:19:26] B20: Sicilian: Unusual White 2nd moves.} exf4 7. Nf3 Be7 8. e5 {[%emt 0:16:51] The position is equal.} dxe5 9. Nxe5 {[%emt 0:00:06] [#]} Qc7 $146 ({Predecessor:} 9... Qd6 10. O-O O-O 11. Bxc6 bxc6 12. Rxf4 Be6 13. Na3 Nd5 14. Rff1 Nb6 15. Nac4 Nxc4 16. Nxc4 Bxc4 17. bxc4 {0-1 (39) Pozueta Alegria,A (2022)-Pardo Simon,D (2321) Granada 2009}) 10. Nxc6 bxc6 11. Be5 $1 Qd7 12. Bxf6 {[%emt 0:01:35][%cal Ob5c6] Threatens to win with Bxc6!} cxb5 (12... gxf6 13. Bd3 $11) 13. Bxe7 (13. Bxg7 $2 Rg8 14. Bf6 Bb7 15. Qxe7+ Qxe7+ 16. Bxe7 Kxe7 $17) 13... Qxe7 14. Qxe7+ Kxe7 15. O-O g5 $1 16. Nc3 Rd8 $1 17. Rae1+ (17. d3 $15) 17... Be6 $1 $17 18. h4 h6 (18... gxh4 19. Re2 $15) 19. hxg5 hxg5 (19... Rxd2 20. gxh6 (20. Rxf4 hxg5 21. Rf2 Rxf2 $15) 20... Rh8 21. Rf2 (21. Rxf4 Rxc2 22. Nxb5 Rxh6 $15) (21. Nxb5 Rxh6 22. c4 Rxa2 $11) 21... Rxf2 22. Kxf2 $14) 20. Re5 f6 (20... Rxd2 $17 {...b4 is the strong threat.} 21. Rxg5 b4) 21. Re2 ({White should play} 21. Rxc5 $15 Rac8 22. Rxc8 Bxc8 23. d3) 21... Kf7 $1 22. Nxb5 Bg4 23. Ref2 Rh8 (23... Kg6 $17) 24. Re1 {[%emt 0:00:53] [#]} (24. d4 $15) 24... Rh7 $1 25. Rff1 Rah8 26. d4 Bd7 ({Black should try} 26... cxd4 $17 27. Nxd4 Bc8) 27. Nd6+ $15 (27. Nxa7 $2 Ra8 28. a4 Rxa7 $19) 27... Kg6 28. d5 (28. dxc5 Bc6 29. Kf2 Rh2 $17) 28... f5 29. Nc4 g4 30. Ne5+ (30. Rxf4 $2 {too greedy.} Kg5 31. Ne5 g3 $19) 30... Kg5 31. Kf2 Be8 32. d6 $2 (32. Rg1 $11) 32... Bh5 {[%emt 0:01:39] ( -> ...g3+)} 33. Rh1 g3+ 34. Kf1 {[%emt 0:01:03] [#]} Rd8 $1 ({Much less strong is} 34... Be2+ 35. Kxe2 Rxh1 36. Nf7+ Kf6 37. Rxh1 (37. Nxh8 $2 {loses.} f3+ 38. gxf3 g2 $19) 37... Re8+ 38. Kf3 Re3+ 39. Kxf4 Re4+ 40. Kf3 Kxf7 41. Rd1 $18) 35. d7 {[%emt 0:00:26] This costs White the game.} (35. Rxh5+ $17 Kxh5 36. Ke2) 35... Rhxd7 $19 {[%emt 0:00:36] Black is clearly winning.} 36. Nxd7 Rxd7 37. Rxh5+ Kxh5 38. Re5 Kg4 {[%emt 0:00:40] aiming for ...Rd1+.} 39. Rxc5 Rd1+ 40. Ke2 Rg1 {[%emt 0:00:04] Weighted Error Value: White=0.61/Black=0.09 (flawless)} 0-1

[Event "Bangabandhu Premier Div League 2022"]
[Site "Dhaka"]
[Date "2022.12.06"]
[Round "7.12"]
[White "Idani, Pouya"]
[Black "Chowdhury, Sohel"]
[Result "1-0"]
[ECO "E07"]
[WhiteElo "2631"]
[BlackElo "2004"]
[Annotator "TA"]
[PlyCount "83"]
[EventDate "2022.11.30"]
[EventType "team-tourn"]
[EventCountry "BAN"]
[SourceTitle "playchess.com"]
[Source "ChessBase"]
[SourceQuality "1"]
[TimeControl "40/5400+30:1800+30"]

1. d4 d5 2. c4 c6 3. Nf3 Nf6 4. Nc3 e6 5. g3 Nbd7 6. Bg2 Be7 7. O-O O-O 8. Nd2 {[%emt 0:00:22] 8.Qd3 is the modern continuation.} Re8 {[%emt 0:03:54][%cal Ob7b5] E07: Closed Catalan: Main Line (5 Nf3 0-0 6 0-0 Nbd7).} (8... b5 $5) 9. e4 dxe4 10. Ndxe4 Nxe4 {[%emt 0:08:14] The position is equal.} 11. Nxe4 Nf6 (11... f5 $5 12. Nc3 e5 $11) 12. Nc3 h6 13. Re1 {[%emt 0:01:44] [#]} a6 $146 ({Predecessor:} 13... Qd7 14. Be3 b6 15. d5 cxd5 16. cxd5 Bb7 17. dxe6 Qxd1 18. exf7+ Kxf7 19. Raxd1 Bxg2 20. Kxg2 {1-0 (43) Ramirez Alvarez,R-Piris,J Asturias 1992}) 14. Bf4 Nh7 15. d5 {[%emt 0:09:26] White is much more active.} cxd5 16. cxd5 Bg5 17. Bxg5 Nxg5 18. h4 Nh7 19. dxe6 Bxe6 20. Bxb7 Rb8 (20... Qxd1 $16 21. Rexd1 (21. Raxd1 Rab8 $16) 21... Ra7) 21. Qxd8 $18 ({Resist} 21. Bxa6 Qa5 $16) 21... Rexd8 22. Bxa6 Rxb2 {[%emt 0:00:48] [#]} 23. a4 $1 Nf6 (23... Ra8 $16) 24. a5 Rc2 25. Nd1 Rb8 26. Bf1 Ra8 27. Ne3 Rd2 28. a6 Ne4 $2 {[%emt 0:03:44] [#]} (28... Rb2 {was worth a try.} 29. Rec1 Ra7) 29. Bg2 f5 30. Ra5 g6 31. h5 {[%emt 0:00:06][%cal Bh4h5,Bh5g6][%mdl 32] White is clearly winning.} Kg7 32. hxg6 Ra7 {[%emt 0:01:54] Inhibits g4.} 33. Nxf5+ Bxf5 34. Rxf5 Nd6 (34... Ng5 $142 35. f4 Kxg6) 35. Ra5 Kxg6 36. Re6+ Kg7 37. Bd5 Nf7 38. Rb6 Ng5 39. Rb7+ Rxb7 40. axb7 Rb2 {[%emt 0:00:09] Against b8Q} 41. Ra8 Nh3+ 42. Kg2 {[%emt 0:00:10] White took control after the opening.   Weighted Error Value: White=0.22 (precise) /Black=0.46} 1-0